 Dungeon Crawl Stone Soup version 0.30-a0-878-gc727b3d3d6 (webtiles) character file.

Game seed: 17815048856438733705

395 CoinPitGoblin the Sneak (level 6, -5/43 HPs)
             Began as a Vampire Enchanter on Mar 11, 2023.
             Slain by a lemure (7 damage)
             ... led by Pikel
             ... on level 4 of the Dungeon on Mar 12, 2023.
             The game lasted 00:10:55 (3592 turns).

CoinPitGoblin the Sneak (Vampire Enchanter)         Turns: 3592, Time: 00:10:55

Health: -5/43      AC:  3    Str:  7    XL:     6   Next: 52%
Magic:  4/9        EV: 13    Int: 19    God:
Gold:   218        SH:  0    Dex: 15    Spells: 2/10 levels left

rFire   . . .      SeeInvis +    a - +1 dagger
rCold   . . .      Faith    .    (no shield)
rNeg    . . .      Spirit   .    b - +0 robe
rPois   .          Reflect  .    n - +0 helmet
rElec   .          Rampage  .    (no cloak)
rCorr   .                        (no gloves)
Will    .....                    (no boots)
Stlth   +++                      (no amulet)
HPRegen 0.47/turn                m - ring of wizardry
MPRegen 0.11/turn                (no ring)

@: confusing by touch, healing quickly
A: alive, fangs 3, see invisible, vampiric 2
a: Exsanguinate


You were on level 4 of the Dungeon.
You visited 1 branch of the dungeon, and saw 4 of its levels.

You collected 218 gold pieces.

Inventory:

Hand Weapons
 a - a +1 dagger (weapon)
Missiles
 d - 12 poisoned darts
Armour
 b - a +0 robe (worn)
 n - a +0 helmet (worn)
Jewellery
 m - a ring of wizardry (left hand)
Scrolls
 e - a scroll of amnesia
 i - 2 scrolls of teleportation
Potions
 c - 2 potions of invisibility
 f - 2 potions of might {unknown}
 g - 3 potions of mutation {unknown}
 h - 2 potions of heal wounds {unknown}
 j - 5 potions of curing
 k - a potion of degeneration {unknown}
 l - a potion of brilliance {unknown}
 o - a potion of attraction {unknown}
 p - a potion of flight {unknown}


   Skills:
 + Level 1.4 Fighting
 + Level 4.0 Short Blades
 + Level 3.6 Dodging
 + Level 6.5 Stealth
 + Level 2.6 Spellcasting
 + Level 5.8 Hexes


You had 2 spell levels left.
You knew the following spells:

 Your Spells              Type           Power      Damage    Failure   Level
a - Confusing Touch       Hex            24%        N/A       1%          3
b - Tukima's Dance        Hex            24%        N/A       1%          3
c - Passwall              Tmut/Erth      1%         N/A       10%         2

Your spell library contained the following spells:

 Spells                   Type           Power      Damage    Failure   Level
 Ensorcelled Hibernation  Hex/Ice        26%        N/A       2%          2
 Sandblast                Erth           4%         2d4       6%          1
 Dazzling Flash           Conj/Hex       26%        N/A       6%          3
 Kindle Blastsparks       Fire/Tloc/Air  4%         2d10      19%         3
 Stone Arrow              Conj/Erth      4%         3d7       19%         3
 Fulminant Prism          Conj/Hex       6%         3d7       19%         4
 Iskenderun's Mystic Bla  Conj/Tloc      2%         2d3       52%         4
 Lee's Rapid Deconstruct  Erth           1%         3d4*      85%         5


Dungeon Overview and Level Annotations

Branches:
Dungeon (4/15)
 Temple: D:4-7

Altars:
Cheibriados
Gozag
Hepliaklqana
Nemelex Xobeh
Okawaru
Qazlal
Trog
Vehumet

Annotations:
D:4 Pikel


Innate Abilities, Weirdness & Mutations

Your natural rate of healing is accelerated.
You have razor-sharp teeth.
You have supernaturally acute eyesight. (SInv)
You are afflicted with vampirism and can become a bat while bloodless.


Message History

The lemure shouts!
You hear a shout!
You hear a shout!
A lemure comes into view.
You hear a shout!
Pikel says, "You'll make a fine lemure."
The lemure attacks as you move away! The lemure hits you but does no damage.
Your hands begin to glow red.
The lemure completely misses you.
You barely miss the lemure. The lemure barely misses you.
You barely miss the lemure. The lemure completely misses you.
You hit the lemure but do no damage.
The lemure appears confused.
The lemure hits the lemure.
The lemure barely misses Pikel.
There is a stone staircase leading down here.
The lemure completely misses Pikel.
A lemure comes into view.
An endoplasm comes into view.
Something closely misses the lemure.
Pikel says, "I'm sure they'll be treated well, anyway."
You closely miss the lemure. You bite the lemure.
The lemure is moderately wounded.
The gnoll shouts!
The goblin shouts!
The lemure hits you but does no damage. The lemure hits you!
Your hands begin to glow red.
The lemure hits you! The gnoll closely misses you.
Pikel hits you with a +0 whip of flaming.
Pikel burns you. The lemure barely misses you.
You hit Pikel but do no damage. Pikel closely misses you. The lemure hits you.
The gnoll closely misses you. The lemure hits you!
* * * LOW HITPOINT WARNING * * *
The lemure hits you.
* * * LOW HITPOINT WARNING * * *
You hit Pikel but do no damage.
Pikel hits you with a +0 whip of flaming.
* * * LOW HITPOINT WARNING * * *
Pikel burns you.
* * * LOW HITPOINT WARNING * * *
The lemure closely misses you.
The gnoll hits you from afar with a +0 spear.
* * * LOW HITPOINT WARNING * * *
The lemure hits you but does no damage. The lemure hits you!
You die...

#.......## ...##.
.....<...####......
...............#..# #
.............# ...####..
.............# #.#....#
......)...5..## #....#
..........##..###....#
###.......###.g5K5##..#
#..# # #...##..# #.g5@##
#..# #..#
##..####.###...# #..##
#..# #..# #...g..##
#..## #..# ##..
#...>.).## #..# #..# ##.
##.......## ##..## #..#
#....##..###....###..#
.......###..†..........#
....... ##g.....(.......
....... #....#####...#..


You could see Pikel, 4 lemures, 2 gnolls and a goblin.

Vanquished Creatures
  Grinder (D:3)
  A hound (D:3)
  Jessica (D:2)
  2 adders
  2 gnolls
  2 worms
  A dart slug (D:3)
  4 orcs
  6 ball pythons
  4 bats
  5 endoplasms
  6 giant cockroaches
  11 goblins
  11 hobgoblins
  9 kobolds
  6 quokkas
  A frilled lizard (D:2)
  6 rats
79 creatures vanquished.

Vanquished Creatures (collateral kills)
  Robin (D:2)
  An orc (D:3)
2 creatures vanquished.

Vanquished Creatures (others)
  A dancing weapon (D:2)
  A fungus (D:3)
  4 plants (D:3)
6 creatures vanquished.

Grand Total: 87 creatures vanquished

Notes
Turn   | Place    | Note
-------+----------+-------------------------------------------
     0 | D:1      | CoinPitGoblin the Vampire Enchanter began the quest for the
                  | Orb.
     0 | D:1      | Reached XP level 1. HP: 13/13 MP: 3/3
   199 | D:1      | Reached XP level 2. HP: 4/19 MP: 5/5
   380 | D:1      | Reached skill level 5 in Stealth
   787 | D:2      | Gained mutation: You are afflicted with vampirism and can
                  | become a bat while bloodless. [Vampire growth]
   787 | D:2      | Reached XP level 3. HP: 22/24 MP: 6/6
   863 | D:2      | Noticed Robin
   888 | D:1      | Learned a level 3 spell: Confusing Touch
   892 | D:1      | Learned a level 3 spell: Tukima's Dance
   959 | D:2      | Killed Robin
  1172 | D:2      | Reached XP level 4. HP: 20/30 MP: 7/7
  1383 | D:2      | Noticed Jessica
  1394 | D:2      | Killed Jessica
  1649 | D:2      | Reached skill level 5 in Hexes
  2199 | D:3      | Found a hazy altar of Hepliaklqana.
  2203 | D:3      | Found a bloodstained altar of Trog.
  2203 | D:3      | Found a stormy altar of Qazlal.
  2203 | D:3      | Found a sparkling altar of Nemelex Xobeh.
  2212 | D:3      | Found an iron altar of Okawaru.
  2217 | D:3      | Found a snail-covered altar of Cheibriados.
  2439 | D:3      | Reached skill level 1 in Fighting
  2439 | D:3      | Reached XP level 5. HP: 16/37 MP: 2/8
  2603 | D:3      | Found a faded altar of an unknown god.
  2671 | D:3      | Noticed Grinder
  2686 | D:3      | Killed Grinder
  2687 | D:3      | Reached skill level 6 in Stealth
  2687 | D:3      | Reached XP level 6. HP: 24/43 MP: 4/9
  2734 | D:3      | Found a radiant altar of Vehumet.
  2752 | D:3      | Found an opulent altar of Gozag.
  2818 | D:3      | Upgraded the game from 0.30-a0-870-gc5d4c5acee to
                  | 0.30-a0-878-gc727b3d3d6
  3105 | D:3      | Learned a level 2 spell: Passwall
  3571 | D:4      | Noticed Pikel
  3592 | D:4      | HP: 2/43 [gnoll/+0 spear (4)]
  3592 | D:4      | Slain by a lemure

Illustrated notes

Levels and vault maps discovered:
D:1:      sevenhm_arrival_forest_fort_small_3, layout_rooms, minmay_pentomino_x2
D:2:      layout_loops_cross, serial_aquarium, aquarium_bridge_straight
          [aquarium_subvault_bridge, aquarium_subvault_wall,
          aquarium_subvault_bridge, aquarium_subvault_window],
          aquarium_window_fake, aquarium_window_2, aquarium_window_1,
          aquarium_window_fake, aquarium_view_2d, aquarium_pool_S, st_stairs_1,
          grunt_decor_cap, nicolae_figureground_sparkle, uniq_jessica,
          uniq_robin
D:3:      layout_loops_ring, minmay_overflow_temple_hex,
          mainiacjoe_overflow_swirl, shapermc_ecumenical_altar_mp_ritualfount,
          serial_glass, glass_columns_b, glass_columns_a, glass_columns_a,
          glass_columns_b, glass_columns_b, glass_columns_b, glass_columns_c,
          glass_columns_a, kennysheep_big_empty_room, minmay_misc_feat_pillars,
          minmay_misc_feat_plants, minmay_pentomino_pile, uniq_grinder
D:4:      layout_layer_cave, old_standard_altar, uniq_pikel

Skill      XL: |  1  2  3  4  5  6 |
---------------+-------------------+-----
Stealth        | 5 6 |  6.5
Short Blades   | 2 3 4 |  4.0
Dodging        | 3 |  3.6
Hexes          | 5 |  5.8
Fighting       | 1 |  1.4
Spellcasting   | |  2.6

Action                     |  1- 3 |  4- 6 || total
---------------------------+-------+-------++-------
  Melee: Dagger            |   120 |   193 ||   313
         Bite              |    14 |    27 ||    41
         Punch             |       |     3 ||     3
  Throw: Dart              |    23 |    21 ||    44
   Cast: Confusing Touch   |     1 |    19 ||    20
         Tukima's Dance    |     1 |     1 ||     2
    Use: Scroll            |     2 |     3 ||     5
   Stab: Sleeping          |     4 |    10 ||    14
         Confused          |       |     4 ||     4
         Distracted        |       |     1 ||     1
 Armour: Robe              |    18 |    28 ||    46
  Dodge: Dodged            |    61 |   128 ||   189

Table legend: (Time is in decaauts)
 A = Elapsed time spent in this place.
 B = Non-inter-level travel time spent in this place.
 C = Inter-level travel time spent in this place.
 D = Time resting spent in this place.
 E = Time spent auto-exploring this place.
 F = Levels seen in this place.
 G = Mean time per level.
                   A        B        C        D        E       F      G
               +--------+--------+--------+--------+--------+-----+--------+
         Total |   3560 |   3194 |    366 |     92 |   2330 |   4 |  890.0 |
       Dungeon |   3560 |   3194 |    366 |     92 |   2330 |   4 |  890.0 |
               +--------+--------+--------+--------+--------+-----+--------+

Top non-repeatable levels by time:
     D:3: 1381 daAuts
     D:2: 1218 daAuts
     D:1: 715 daAuts
     D:4: 244 daAuts
